 Dungeon Crawl Stone Soup version 0.31-a0-4-gefa6de2278 (webtiles) character file.

Game seed: 6607879297381041810

200 mopl the Chopper (level 6, -6/44 HPs)
             Began as a Formicid Warper on May 4, 2023.
             Mangled by a sleepcap (13 damage)
             ... on level 5 of the Dungeon.
             The game lasted 00:03:21 (2410 turns).

mopl the Chopper (Formicid Warper)                  Turns: 2410, Time: 00:03:22

Health: -6/44      AC:  3    Str: 16    XL:     6   Next: 6%
Magic:  9/9        EV:  2    Int: 14    God:
Gold:   171        SH:  0    Dex: 13    Spells: 9/9 levels left

rFire   + . .        a - +0 hand axe
rCold   + . .        (no shield)
rNeg    . . .        g - +1 robe {rC+ rF+}
rPois   .            (helmet unavailable)
rElec   .            (no cloak)
rCorr   .            (no gloves)
SInv    +            (no boots)
Will    .....        q - amulet of faith {!P}
Stlth   +            (no ring)
HPRegen 0.27/turn    (no ring)
MPRegen 0.11/turn

%: faith
@: sleeping
A: permanent stasis, dig shafts and tunnels, antennae 3, four strong arms
a: Dig, Shaft Self


You were on level 5 of the Dungeon.
You visited 1 branch of the dungeon, and saw 5 of its levels.

You collected 171 gold pieces.

Inventory:

Hand Weapons
 a - a +0 hand axe (weapon)
 f - a +4 dagger of flaming
Missiles
 d - 7 boomerangs of dispersal
Armour
 g - a +1 robe of resistance (worn)
Jewellery
 q - an amulet of faith (around neck) {!P}
Wands
 u - a wand of digging (7)
Scrolls
 c - 2 scrolls of blinking
 e - 2 scrolls of fear {unknown}
 i - a scroll of teleportation {unknown}
 j - 3 scrolls of identify {unknown}
 k - a scroll of magic mapping {unknown}
 m - 5 scrolls of noise {unknown}
 o - 2 scrolls of amnesia {unknown}
Potions
 b - a potion of attraction {unknown}
 h - a potion of magic {unknown}
 l - 2 potions of mutation {unknown}
 n - a potion of ambrosia {unknown}
 p - a potion of brilliance {unknown}
 r - 3 potions of heal wounds {unknown}
 s - a potion of cancellation {unknown}
 t - a potion of curing {unknown}
 v - a potion of resistance {unknown}


   Skills:
 - Level 2.1 Fighting
 * Level 4.9 Axes
 - Level 1.0 Throwing
 - Level 1.1 Armour
 - Level 1.7 Dodging
 - Level 2.1 Spellcasting
 + Level 3.9 Translocations


You had 9 spell levels left.
You didn't know any spells.
Your spell library contained the following spells:

 Spells                   Type           Power      Damage    Failure   Level
 Lesser Beckoning         Tloc           24%        N/A       7%          2
 Teleport Other           Tloc           12%        N/A       14%         3
 Shock                    Conj/Air       4%         1d3       24%         1
 Manifold Assault         Tloc           12%        N/A       43%         4
 Airstrike                Air            0%         2d(1-17)  93%         4
 Blink                    Tloc           Unusable   N/A       N/A         2
 Vhi's Electric Charge    Tloc/Air       Unusable   N/A       N/A         3
 Swiftness                Air            Unusable   N/A       N/A         3

Dungeon Overview and Level Annotations

Branches:
Dungeon (5/15)
 Temple: D:4-7

Altars:

Shops:
D:2 [

Annotations:
D:3 3 runed translucent doors, dungeonMaestro's ghost, amateur TrFi
D:4 Dowan


Innate Abilities, Weirdness & Mutations

You cannot be hasted, slowed, berserked, paralysed or teleported.
You can dig through walls and to a lower floor.
You have a pair of large antennae on your head. (SInv)
Your four strong arms can wield two-handed weapons with a shield.


Message History

Unknown command.
You hit the sleepcap but do no damage. The sleepcap releases spores at you!
You hit the sleepcap.
The sleepcap is lightly damaged.
The sleepcap releases spores at you.
You hit the sleepcap.
The sleepcap is moderately damaged.
The sleepcap releases spores at you.
You are engulfed in a cloud of soporific spores!
You are unaffected.
You hit the sleepcap.
The sleepcap is heavily damaged.
The sleepcap releases spores at you.
You hit the sleepcap.
The sleepcap is heavily damaged.
The sleepcap barely misses you.
You hit the sleepcap but do no damage.
The sleepcap is heavily damaged.
The sleepcap releases spores at you but does no damage.
You hit the sleepcap.
The sleepcap is heavily damaged.
The sleepcap releases spores at you!
* * * LOW HITPOINT WARNING * * *
You hit the sleepcap but do no damage.
The sleepcap is heavily damaged.
The sleepcap completely misses you.
You hit the sleepcap but do no damage.
The sleepcap is heavily damaged.
The sleepcap misses you.
You hit the sleepcap.
The sleepcap is severely damaged.
The sleepcap barely misses you.
You hit the sleepcap but do no damage.
The sleepcap is severely damaged.
The sleepcap releases spores at you.
* * * LOW HITPOINT WARNING * * *
You are engulfed in a cloud of soporific spores!
You fall asleep.
The sleepcap releases spores at you!
You die...

#############
###...........#
..............##########
#...f@...............†
............############
..........#.............
#########.#..#....######
##$#....##.#
...#..#....######
................#
.....>.<........#
................#


You could see a sleepcap.

Vanquished Creatures
  A hound (D:5)
  An orc priest (D:2)
  Jessica (D:2)
  Robin (D:2)
  3 adders
  6 orcs
  5 ball pythons
  5 endoplasms
  4 giant cockroaches
  4 hobgoblins
  4 jackals (D:2)
  3 bats (D:2)
  3 frilled lizards
  16 goblins
  8 kobolds
  3 rats
68 creatures vanquished.

Vanquished Creatures (others)
  3 fungi (D:3)
3 creatures vanquished.

Grand Total: 71 creatures vanquished

Notes
Turn   | Place    | Note
-------+----------+-------------------------------------------
     0 | D:1      | mopl the Formicid Warper began the quest for the Orb.
     0 | D:1      | Reached XP level 1. HP: 16/16 MP: 3/3
   155 | D:1      | Reached XP level 2. HP: 13/22 MP: 5/5
   664 | D:2      | Reached skill level 3 in Translocations
   699 | D:2      | Reached XP level 3. HP: 26/27 MP: 6/6
   714 | D:2      | Reached skill level 3 in Axes
   746 | D:2      | Found Yduejuch's Antique Armour Boutique.
   951 | D:2      | Noticed Robin
   985 | D:1      | Reached XP level 4. HP: 12/33 MP: 7/7
  1273 | D:2      | Killed Robin
  1310 | D:2      | Reached skill level 4 in Axes
  1310 | D:2      | Reached XP level 5. HP: 13/38 MP: 8/8
  1753 | D:2      | Noticed Jessica
  1766 | D:2      | Killed Jessica
  1987 | D:3      | Found a runed translucent gate.
  1988 | D:3      | Found a runed translucent gate.
  1988 | D:3      | Noticed dungeonMaestro's ghost (amateur TrFi)
  1989 | D:3      | Found a runed translucent gate.
  1990 | D:3      | Noticed a kobold brigand
  2134 | D:3      | You fall into a shaft and drop 2 floors!
  2134 | D:5      | Entered Level 5 of the Dungeon
  2167 | D:4      | Noticed Dowan
  2381 | D:5      | Reached XP level 6. HP: 39/44 MP: 9/9
  2410 | D:5      | Mangled by a sleepcap

Illustrated notes

Levels and vault maps discovered:
D:1:      erik_arrival_triangle_medium, layout_basic
D:2:      layout_loops_ring, serial_shops, shop, uniq_jessica, uniq_robin
D:3:      layout_loops_ring, basic_ecumenical_altar,
          gammafunk_ghost_nasty_kobolds, skrybe_limestone_x, nicolae_half_adder
D:4:      layout_basic, minmay_fractal_squares_diagonal_5, uniq_blork_the_orc,
          uniq_natasha, uniq_duvessa
D:5:      layout_basic, minmay_temple_entry_mini_moons

Skill      XL: |  1  2  3  4 |
---------------+-------------+-----
Translocations | 3 |  3.9
Axes           | 3 4 |  4.9
Fighting       | |  2.1
Throwing       | |  1.0
Armour         | |  1.1
Dodging        | |  1.7
Spellcasting   | |  2.1

Action                     |  1- 3 |  4- 6 || total
---------------------------+-------+-------++-------
  Melee: Hand axe          |   111 |   122 ||   233
   Stab: Sleeping          |     1 |       ||     1
 Armour: Leather armour    |     2 |       ||     2
         Robe              |    41 |    31 ||    72
  Dodge: Dodged            |    85 |    99 ||   184

Table legend: (Time is in decaauts)
 A = Elapsed time spent in this place.
 B = Non-inter-level travel time spent in this place.
 C = Inter-level travel time spent in this place.
 D = Time resting spent in this place.
 E = Time spent auto-exploring this place.
 F = Levels seen in this place.
 G = Mean time per level.
                   A        B        C        D        E       F      G
               +--------+--------+--------+--------+--------+-----+--------+
         Total |   2441 |   2393 |     48 |    725 |   1074 |   5 |  488.2 |
       Dungeon |   2441 |   2393 |     48 |    725 |   1074 |   5 |  488.2 |
               +--------+--------+--------+--------+--------+-----+--------+

Top non-repeatable levels by time:
     D:2: 993 daAuts
     D:1: 947 daAuts
     D:5: 238 daAuts
     D:3: 222 daAuts
     D:4: 40 daAuts
